 Dungeon Crawl Stone Soup version 0.25-a0-860-gf695395b5c (webtiles) character file.

Game seed: 6958006427113018360, levelgen mode: deterministic

234466 Maedhros the Blocker (level 19, -6/126 HPs)
             Began as an Octopode Artificer on Apr 29, 2020.
             Was the Champion of Cheibriados.
             Mangled by an ogre mage
             ... wielding a +0 spear
              (9 damage)
             ... while paralysed by an ogre mage
             ... on level 15 of the Dungeon on Apr 30, 2020.
             The game lasted 02:11:47 (24121 turns).

Maedhros the Blocker (Octopode Artificer)          Turns: 24121, Time: 02:11:48

Health: -6/126     AC:  4    Str: 26    XL:     19   Next: 60%
Magic:  33/33      EV:  2    Int: 32    God:    Cheibriados [******]
Gold:   1628       SH:  0    Dex: 33    Spells: 4/38 levels left

rFire    . . .     SeeInvis +   Y - staff of poison
rCold    + . .     Gourm    .   S - +5 kite shield
rNeg     . . .     Faith    .   (helmet restricted)
rPois    +         Spirit   .   N - amulet of regeneration
rElec    +         Reflect  .   g - ring of stealth
rCorr    .         Harm     .   x - +3 ring of protection
MR       ++...                  v - ring of protection from cold
Stlth    +++++++...             O - ring of protection from magic
HPRegen  0.71/turn              c - ring of Supsom {rElec Str-3 Int+3 Slay+6 SInv}
MPRegen  0.23/turn              q - +3 ring of evasion
                                Z - ring of stealth
                                G - +5 ring of strength

@: paralysed, studying Transmutations, very slow
A: almost no armour, stealthy swim, amphibious, 8 rings, constrict 8, large bone
plates 1, camouflage 1, dopey 1, weak 1, gelatinous body 1, evolution 1, subdued
magic 1
}: 1/15 runes: gossamer
a: Bend Time, Temporal Distortion, Slouch, Step From Time, Renounce Religion


You were on level 15 of the Dungeon.
You worshipped Cheibriados.
Cheibriados was exalted by your worship.
You were not hungry.

You visited 7 branches of the dungeon, and saw 35 of its levels.
You visited 1 bazaar.

You collected 3865 gold pieces.
You spent 2237 gold pieces at shops.

Inventory:

Hand Weapons
 d - the +8 morningstar of Qocwidik {vorpal, rF++ Str+3 SInv}
   (You bought it in a shop in a bazaar)

   It inflicts extra damage upon your enemies.
   It affects your strength (+3).
   It greatly protects you from fire.
   It lets you see invisible.
 l - a +4 longbow of flaming
Missiles
 J - 4 throwing nets
 M - 1272 arrows
 X - 5 curare-tipped darts (quivered)
Armour
 S - a +5 kite shield (worn)
Magical Staves
 Y - an uncursed staff of poison (weapon)
Jewellery
 c - the ring of Supsom (on tentacle) {rElec Str-3 Int+3 Slay+6 SInv}
   (You bought it in a shop on level 2 of the Orcish Mines)

   [ring of intelligence]

   It affects your strength (-3).
   It affects your intelligence (+3).
   It affects your accuracy and damage with ranged weapons and melee attacks
   (+6).
   It insulates you from electricity.
   It lets you see invisible.
 e - an uncursed amulet of magic regeneration
 g - a ring of stealth (left tentacle)
 q - a +3 ring of evasion (on tentacle)
 s - the ring "Saggaoci" {rElec rCorr}
   (You took it off a deep elf elementalist on level 3 of the Elven Halls)

   [ring of resist corrosion]

   It insulates you from electricity.
   It provides partial protection from all sources of acid and corrosion.
 v - a ring of protection from cold (on tentacle)
 x - a +3 ring of protection (right tentacle)
 G - a +5 ring of strength (on tentacle)
 N - an amulet of regeneration (around mantle)
 O - a ring of protection from magic (on tentacle)
 U - an uncursed ring of ice
 Z - a ring of stealth (on tentacle)
Wands
 h - a wand of paralysis (7)
 m - a wand of digging (12)
 r - a wand of clouds (2)
 F - a wand of iceblast (36)
 I - a wand of acid (7)
 Q - a wand of enslavement (5)
Scrolls
 b - 6 scrolls of blinking
 i - 6 scrolls of teleportation
 k - 15 scrolls of remove curse
 n - 2 scrolls of holy word
 t - 5 scrolls of amnesia
 u - 11 scrolls of identify
 A - 3 scrolls of magic mapping
 B - a scroll of silence
 C - 2 scrolls of fog
 K - 2 scrolls of summoning
 V - 2 scrolls of fear
Potions
 a - 3 potions of might
 j - 6 potions of ambrosia
 o - 4 potions of heal wounds
 w - a potion of stabbing
 y - a potion of cancellation
 z - 5 potions of flight
 E - a potion of brilliance
 H - 6 potions of lignification
 T - a potion of resistance
Books
 p - a manual of Transmutations
Miscellaneous
 D - a lightning rod (4/4)
 P - a phantom mirror
 R - a phial of floods
Comestibles
 f - 54 rations


   Skills:
 - Level 10.0 Fighting
   Level 1.0 Short Blades
 - Level 13.0 Dodging
 - Level 4.0 Stealth
 - Level 14.0 Shields
 - Level 12.7 Unarmed Combat
 + Level 10.0 Spellcasting
 + Level 10.3 Conjurations
 - Level 6.0 Hexes
 - Level 10.0 Summonings
 - Level 8.5 Translocations
 + Level 10.3 Fire Magic
 - Level 5.3 Air Magic
 - Level 2.7 Earth Magic
 - Level 6.2 Invocations
 - Level 8.0 Evocations


You had 4 spell levels left.
You knew the following spells:

 Your Spells              Type           Power        Failure   Level  Hunger
a - Tukima's Dance        Hex            #####...     1%          3    None
b - Summon Mana Viper     Hex/Summ       ######..     2%          5    ###....
c - Ensorcelled Hibernat  Hex/Ice        ####..       1%          2    None
d - Summon Lightning Spi  Summ/Air       ######..     1%          4    None
e - Fireball              Conj/Fire      ######....   1%          5    ###....
f - Lee's Rapid Deconstr  Erth           ####......   26%         5    ###....
g - Summon Forest         Summ/Tloc      ######....   1%          5    ###....
h - Aura of Abjuration    Summ           ######....   1%          5    ###....

Your spell library contained the following spells:

 Spells                   Type           Power        Failure   Level  Hunger
 Corona                   Hex            #####..      1%          1    None
 Foxfire                  Conj/Fire      ####         1%          1    None
 Magic Dart               Conj           ####         1%          1    None
 Shock                    Conj/Air       ####         1%          1    None
 Summon Butterflies       Summ           ######..     1%          1    None
 Summon Small Mammal      Summ           ####         1%          1    None
 Blink                    Tloc           N/A          1%          2    None
 Call Imp                 Summ           ######..     1%          2    None
 Shroud of Golubria       Chrm/Tloc      ####..       1%          2    None
 Slow                     Hex            #####...     1%          2    None
 Swiftness                Chrm/Air       ####....     1%          2    None
 Call Canine Familiar     Summ           ######..     1%          3    None
 Confusing Touch          Hex            #####...     1%          3    None
 Conjure Flame            Conj/Fire      ######..     1%          3    None
 Dazzling Flash           Conj/Hex       ######       1%          3    None
 Gell's Gravitas          Tloc           ######....   1%          3    None
 Inner Flame              Hex/Fire       ######..     1%          3    None
 Mephitic Cloud           Conj/Pois/Air  ######..     1%          3    None
 Portal Projectile        Hex/Tloc       #####.       1%          3    None
 Recall                   Summ/Tloc      N/A          1%          3    None
 Static Discharge         Conj/Air       ######..     1%          3    None
 Summon Guardian Golem    Hex/Summ       ######..     1%          3    None
 Cause Fear               Hex            #####.....   1%          4    None
 Fulminant Prism          Conj/Hex       ######....   1%          4    None
 Passage of Golubria      Tloc           N/A          1%          4    None
 Sticky Flame             Conj/Fire      ######..     1%          4    None
 Infusion                 Chrm           ##..         2%          1    None
 Passwall                 Tmut/Erth      ###.....     2%          2    None
 Spectral Weapon          Hex/Chrm       ####....     2%          3    None
 Airstrike                Air            #####.....   2%          4    None
 Song of Slaying          Chrm           ##......     3%          2    None
 Sublimation of Blood     Necr           ##........   3%          2    None
 Summon Ice Beast         Ice/Summ       #####...     3%          4    None
 Leda's Liquefaction      Hex/Erth       ####......   4%          4    None
 Ozocubu's Armour         Chrm/Ice       ##......     8%          3    None
 Petrify                  Tmut/Erth      ###.....     16%         4    None
 Summon Demon             Summ           ######....   1%          5    ###....
 Lightning Bolt           Conj/Air       ######....   2%          5    ###....
 Shadow Creatures         Summ           N/A          7%          6    #####..
 Iskenderun's Battlesphe  Conj/Chrm      #####...     9%          5    ###....
 Metabolic Englaciation   Hex/Ice        ####......   22%         5    ###....
 Yara's Violent Unravell  Hex/Tmut       ####......   22%         5    ###....
 Orb of Destruction       Conj           ######....   34%         7    ######.
 Darkness                 Hex            #####.....   36%         6    #####..
 Invisibility             Hex            #####...     36%         6    #####..
 Spellforged Servitor     Conj/Summ      ######....   36%         7    ######.
 Summon Hydra             Summ           ######....   36%         7    ######.
 Chain Lightning          Conj/Air       ######....   100%        8    #######
 Discord                  Hex            #####.....   100%        8    #######
 Lehudib's Crystal Spear  Conj/Erth      #####.....   100%        8    #######
 Absolute Zero            Ice            ##........   100%        9    #######
 Fire Storm               Conj/Fire      ######....   100%        9    #######


Dungeon Overview and Level Annotations

Branches:
Dungeon (15/15)            Temple (1/1) D:6            Lair (6/6) D:8
  Swamp (4/4) Lair:2       Spider (4/4) Lair:4        Slime (0/5) Lair:5
    Orc (2/2) D:10            Elf (3/3) Orc:2        Vaults (0/5) D:14
 Depths (0/5) D:15

Altars:
Ashenzari
Cheibriados
Dithmenos
Fedhas
Gozag
Hepliaklqana
Kikubaaqudgha
Makhleb
Nemelex Xobeh
Qazlal
Ru
Sif Muna
Trog
Uskayaw
Vehumet
Wu Jian
Xom
Yredelemnul
Zin
The Shining One
Beogh
Jiyva

Shops:
Orc:1 ![   Orc:2 (%:=   Elf:3 }

Portals:
Abyss: D:4 Elf:3
Pandemonium: Orc:2
Trove: D:11 (give 12 potions of heal wounds)

Annotations:
D:4 2 transporters, endorz's ghost, amateur MiFi
Lair:4 3 runed translucent doors, exclusion: 2 oklob plants, StahL's ghost, journeyman GrFi
Elf:2 3 runed translucent doors, 2 transporters, devtcp's ghost, journeyman MiBe
Elf:3 2 transporters, Mirvandir's ghost, adept GrEE


Innate Abilities, Weirdness & Mutations

You cannot wear most types of armour.
You are very stealthy in the water. (Stealth+)
You are amphibious.
You can wear up to eight rings at the same time.
You can use your tentacles to constrict eight enemies at once.
Your skin changes colour to match your surroundings (Stealth+).
Your rubbery body absorbs attacks. (AC +1, EV +1)
You are partially covered in large bone plates. (SH +4)
You are dopey. (Int -2)
You are weak. (Str -2)
You evolve.
Your spells are a little easier to cast, but a little less powerful.


Message History

You resist with almost no effort.
Unknown command.
You hit the two-headed ogre. You squeeze the two-headed ogre.
You kill the two-headed ogre!
Cheibriados thoroughly appreciates the change of pace.
A wizard comes into view. It is wielding a +0 dagger.
You block the ogre mage's attack. The wizard casts a spell at you.
You resist with almost no effort.
The ogre mage points at you and mumbles some strange words.
You suddenly lose the ability to move!
The ogre mage barely misses you.
The two-headed ogre hits you with a +0 giant club!! x2
The ogre mage hits you with a +0 spear! The wizard hits you with a +0 dagger.
The two-headed ogre hits you with a +0 giant club!
* * * LOW HITPOINT WARNING * * *
The two-headed ogre hits you with a +0 giant club!!
* * * LOW HITPOINT WARNING * * *
The ogre mage hits you with a +0 spear!
You die...

##.##...####..####'#######+
#.#.."..'.#...............
#.##...##.######..........
#####..#####..# ##.........
#.....###.#..########.........
#.....# #...##.....##.........
#.....# #.###.......##.######.
#.....###.##.p#####..#[≈≈≈≈≈≈≈
#.....#...##.@#O,,#.)#.≈≈≈≈≈≈≈
#.....'...##.OOO>.#).'.≈≈≈≈≈≈≈
####.....#...##..#...#.)#≈≈≈≈≈≈≈≈
.........#...##..#####..#≈≈≈≈≈≈≈≈
####.....#...###..,,...##≈≈≈≈≈≈≈≈
###..##.(.#≈##.....##≈≈≈≈≈≈≈≈≈
#..##...##≈#######≈≈≈≈≈≈≈≈(≈
#..##...#*#≈≈≈≈≈≈≈≈≈≈≈≈≈≈≈≈≈
#..##...###≈≈≈≈≈≈≈≈≈≈≈≈≈≈≈≈≈


You could see a two-headed ogre, an ogre mage, a wizard and an ogre.

Vanquished Creatures
  A deep elf blademaster (Elf:3)
  2 deep elf master archers (Elf:3)
  Kirke (D:13)
  A thorn hunter (Swamp:4)
  2 deep elf sorcerers (Elf:3)
  4 ghost moths (Spider:4)
  2 emperor scorpions
  4 deep elf elementalists
  Louise (Swamp:3)
  A very ugly thing (Swamp:3)
  3 entropy weavers
  5 deep elf demonologists
  Nessos (D:15)
  A spark wasp (Spider:2)
  6 deep elf annihilators (Elf:3)
  An ettin (D:14)
  2 deep elf death magi (Elf:3)
  A deep elf high priest (Elf:3)
  Fannar (Lair:1)
  13 hydras
  A catoblepas (Lair:6)
  A ghost crab (Swamp:3)
  6 centaur warriors
  A shambling mangrove (Swamp:2)
  6 two-headed ogres
  Erica (Lair:1)
  18 dancing weapons
  A death knight (D:15)
  8 alligators
  A tengu warrior (D:14)
  6 death yaks (Lair:2)
  Urug (D:11)
  6 orc high priests
  Nergalle (Lair:1)
  A sun demon (Orc:2)
  A spriggan (Swamp:1)
  15 deep elf knights
  Sonja (Lair:2)
  A shadow wraith (D:14)
  A fire crab (Lair:6)
  2 skeletal warriors
  3 swamp dragons
  An infernal demonspawn (Orc:2)
  A gelid demonspawn (Orc:2)
  A wizard (D:15)
  2 spriggan druids
  21 deep elf archers
  An orange crystal statue (Elf:2)
  2 lindwurms (Lair:6)
  4 orc knights (Orc:2)
  33 wolf spiders
  The ghost of devtcp the Thaumaturge, a novice DEWz of Sif Muna (D:7)
  An oklob plant (Lair:6)
  7 orc sorcerers
  7 orb spiders
  2 ugly things
  69 deep elf magi
  2 moths of wrath
  4 cyclopes
  3 manticores
  Maurice (D:13)
  3 black mambas
  2 rust devils (Orc:2)
  11 trolls
  6 elephants (Lair:3)
  21 spiny frogs
  A naga mage (D:15)
  3 gargoyles
  A rime drake (shapeshifter) (D:14)
  5 komodo dragons
  A kobold demonologist (D:7)
  11 demonic crawlers
  A red devil (Orc:2)
  7 rime drakes
  An efreet (D:14)
  2 freezing wraiths (D:15)
  A tengu conjurer (D:15)
  2 hellwings (Orc:2)
  33 jumping spiders
  6 tyrant leeches
  A harpy zombie (D:15)
  2 polar bears
  11 slime creatures
  8 hornets
  10 blink frogs
  10 hippogriffs
  6 dream sheep (Lair:6)
  6 bog bodies
  2 air elementals (Elf:2)
  24 tarantellas
  54 redbacks
  3 wraiths
  2 shadows
  A fire elemental (Elf:2)
  7 water elementals
  3 wyverns
  A steam dragon (Lair:5)
  5 yaks (Lair:4)
  3 basilisks
  18 vampire mosquitoes
  7 hogs (D:13)
  2 wargs
  3 hungry ghosts
  11 swamp worms
  17 insubstantial wisps
  A soldier ant (D:14)
  An acid dragon (D:15)
  5 porcupines
  15 water moccasins
  28 orc warriors
  5 swamp drakes
  A sky beast (D:10)
  A black bear (shapeshifter) (D:14)
  3 phantoms
  2 black bears
  3 necrophages
  5 ice beasts
  9 ogres
  15 centaurs
  5 wolves
  9 crocodiles
  16 big kobolds
  10 bullfrogs
  An earth elemental (Elf:3)
  2 wyvern zombies
  7 gnoll sergeants
  4 scorpions
  5 killer bees (D:11)
  18 wights
  8 electric eels
  2 howler monkeys
  A bullfrog zombie (D:9)
  6 crimson imps
  6 jellies
  A gnoll shaman (D:9)
  20 orc priests
  A bullfrog skeleton (D:10)
  7 hounds
  20 orc wizards
  8 centaur skeletons
  5 iguanas
  6 worker ants
  2 hound skeletons
  24 gnolls
  Robin (D:3)
  15 adders
  2 shadow imps
  3 adder skeletons
  3 worms (D:2)
  4 dart slugs
  5 leopard geckos
  62 orcs
  2 ball pythons
  5 giant cockroaches
  14 goblins
  6 hobgoblins
  3 jackals (D:6)
  7 quokkas
  6 bats
  A frilled lizard (D:5)
  2 gnoll zombies (D:8)
  17 kobolds
  A quokka zombie (D:5)
  5 rats
  A fungus (Lair:6)
  4 plants
1091 creatures vanquished.

Vanquished Creatures (collateral kills)
  A deep elf blademaster (Elf:3)
  4 emperor scorpions
  A two-headed ogre (D:10)
  2 alligators
  An orc high priest (Orc:2)
  4 orb spiders
  2 deep elf magi (Elf:2)
  8 wolf spiders
  A torpor snail (Spider:1)
  2 demonic crawlers
  7 jumping spiders
  A troll (D:10)
  A slime creature (Swamp:2)
  5 hornets
  14 redbacks
  5 tarantellas
  2 vampire mosquitoes (Swamp:2)
  2 swamp worms
  An orc warrior (Orc:1)
  A swamp drake (Swamp:1)
  3 ogres
  A bullfrog (D:10)
  A hound (D:5)
  An orc wizard (D:10)
  A worker ant (D:10)
  A worker ant zombie (D:10)
  An adder (D:4)
  4 orcs
  A plant (Swamp:1)
79 creatures vanquished.

Vanquished Creatures (others)
  A wolf spider (Spider:4)
  A deep elf mage (Elf:2)
  A centaur (D:10)
  A komodo dragon (D:10)
  A troll (D:10)
  2 tyrant leeches
  A redback (Spider:4)
  11 dancing weapons
  A vampire mosquito (D:10)
  7 fungi
  3 plants
  5 snaplasher vines (Spider:4)
35 creatures vanquished.

Grand Total: 1205 creatures vanquished

Notes
Turn   | Place    | Note
-------+----------+-------------------------------------------
     0 | D:1      | Maedhros the Octopode Artificer began the quest for the
                  | Orb.
     0 | D:1      | Reached XP level 1. HP: 13/13 MP: 3/3
   111 | D:3      | Reached XP level 2. HP: 15/18 MP: 4/4
   258 | D:4      | Found an ancient bone altar of Kikubaaqudgha.
   259 | D:4      | Noticed an ogre
   260 | D:4      | Noticed an ogre
   263 | D:4      | Killed an ogre
   263 | D:4      | Reached XP level 3. HP: 23/23 MP: 5/5
   263 | D:4      | Reached XP level 4. HP: 28/28 MP: 6/6
   451 | D:4      | Found a sparkling altar of Nemelex Xobeh.
   497 | D:5      | Entered Level 5 of the Dungeon
   600 | D:5      | Reached XP level 5. HP: 13/33 MP: 7/7
   803 | D:5      | Noticed a phantom
   809 | D:6      | Reached XP level 6. HP: 15/38 MP: 8/8
   837 | D:6      | Noticed an ice beast
   843 | D:6      | Killed an ice beast
   843 | D:6      | Reached skill level 5 in Unarmed Combat
   864 | D:6      | Found a staircase to the Ecumenical Temple.
   874 | Temple   | Entered the Ecumenical Temple
   879 | Temple   | Became a worshipper of Cheibriados the Contemplative
  1121 | D:3      | Noticed Robin
  1149 | D:3      | Reached XP level 7. HP: 41/43 MP: 9/9
  1173 | D:3      | Killed Robin
  1180 | D:3      | Reached * piety under Cheibriados
  1647 | D:1      | Reached ** piety under Cheibriados
  1783 | D:2      | Learned a level 3 spell: Tukima's Dance
  1900 | D:2      | Reached skill level 1 in Hexes
  1995 | D:4      | Found a transporter.
  2003 | D:4      | Found a transporter.
  2026 | D:4      | Found a one-way gate to the infinite horrors of the Abyss.
  2026 | D:4      | Noticed endorz's ghost (amateur MiFi)
  2116 | D:4      | Found a sacrificial altar of Ru.
  2258 | D:5      | Reached XP level 8. HP: 33/48 MP: 10/10
  2325 | D:6      | Reached *** piety under Cheibriados
  2487 | D:6      | Got a pitted quarterstaff
  2494 | D:6      | Identified the cursed +0 quarterstaff "Vushrihy" {freeze,
                  | rN+} (You found it on level 6 of the Dungeon)
  2590 | D:7      | Found a runed translucent gate.
  2590 | D:7      | Identified the +11 dagger of Destruction {chaos, rN+ Dex+4}
  2590 | D:7      | Noticed devtcp's ghost (novice DEWz)
  2591 | D:7      | Found a runed translucent gate.
  2591 | D:7      | Found a runed translucent gate.
  2591 | D:7      | Noticed a kobold demonologist
  2626 | D:7      | Reached skill level 5 in Hexes
  2777 | D:7      | Reached XP level 9. HP: 37/53 MP: 11/11
  2815 | D:7      | Reached **** piety under Cheibriados
  2889 | D:8      | Found a staircase to the Lair.
  2919 | D:8      | Noticed a cyclops
  2934 | D:8      | Killed a cyclops
  2958 | D:8      | Found a basalt altar of Yredelemnul.
  2991 | D:8      | Found a shimmering blue altar of Sif Muna.
  3009 | D:8      | Noticed a two-headed ogre
  3021 | D:8      | Killed a two-headed ogre
  3021 | D:8      | Reached skill level 5 in Dodging
  3045 | D:8      | Reached skill level 5 in Fighting
  3094 | D:8      | Reached XP level 10. HP: 34/66 MP: 12/12
  3326 | D:9      | Reached skill level 1 in Invocations
  3454 | D:9      | Found a basalt altar of Yredelemnul.
  3460 | D:9      | Reached ***** piety under Cheibriados
  3479 | D:9      | Found a burning altar of Makhleb.
  3530 | D:10     | Entered Level 10 of the Dungeon
  3578 | D:10     | Noticed a gargoyle
  3592 | D:10     | Killed a gargoyle
  3597 | D:10     | Noticed a two-headed ogre
  3607 | D:10     | Killed a two-headed ogre
  3613 | D:10     | Noticed a purple ugly thing
  3625 | D:10     | Killed a purple ugly thing
  3745 | D:10     | Reached skill level 5 in Evocations
  3814 | D:10     | Found a snail-covered altar of Cheibriados.
  3820 | D:10     | Noticed a skeletal warrior
  3828 | D:10     | Killed a skeletal warrior
  3833 | D:10     | Killed a troll
  3842 | D:10     | Reached XP level 11. HP: 29/75 MP: 15/15
  4005 | D:10     | Noticed a two-headed ogre
  4013 | D:10     | Killed a two-headed ogre
  4013 | D:10     | Reached skill level 5 in Invocations
  4177 | D:10     | Found a staircase to the Orcish Mines.
  4507 | D:11     | Noticed a centaur warrior
  4516 | D:11     | Killed a centaur warrior
  4686 | D:11     | Noticed a green ugly thing
  4699 | D:11     | Killed a green ugly thing
  4700 | D:11     | Reached ****** piety under Cheibriados
  4704 | D:11     | Found a portal to a secret trove of treasure.
  5305 | D:13     | Noticed Maurice
  5314 | D:13     | Killed Maurice
  5343 | D:13     | Noticed Kirke
  5358 | D:13     | Noticed a harpy
  5358 | D:13     | Noticed a harpy
  5358 | D:13     | Noticed a harpy
  5359 | D:13     | Reached skill level 10 in Dodging
  5361 | D:13     | Noticed a lindwurm
  5361 | D:13     | Killed Kirke
  5361 | D:13     | Reached XP level 12. HP: 29/81 MP: 0/18
  5694 | D:14     | Noticed a centaur warrior
  5722 | D:14     | Killed a centaur warrior
  5746 | D:14     | Found a shattered altar of Ashenzari.
  5914 | D:14     | Noticed a two-headed ogre
  5922 | D:14     | Killed a two-headed ogre
  6059 | D:14     | Noticed an ettin
  6060 | D:14     | Noticed a tengu warrior
  6061 | D:14     | Noticed a tengu warrior
  6062 | D:14     | Noticed a centaur warrior
  6189 | Orc:1    | Entered Level 1 of the Orcish Mines
  6264 | Orc:1    | Found a bloodstained altar of Trog.
  6321 | Orc:2    | Entered Level 2 of the Orcish Mines
  6364 | Orc:2    | Found Deorphot's Jewellery Emporium.
  6367 | Orc:2    | Found a staircase to the Elven Halls.
  6375 | Orc:2    | Bought the ring of Supsom {rElec Str-3 Int+3 Slay+6 SInv}
                  | for 580 gold pieces
  6375 | Orc:2    | Bought a +3 ring of evasion for 231 gold pieces
  6404 | Orc:2    | Noticed a sun demon
  6477 | Orc:1    | Found Etuneur's Distillery.
  6502 | Orc:1    | Reached skill level 10 in Unarmed Combat
  6505 | Orc:1    | Noticed an orc high priest
  6509 | Orc:1    | Killed an orc high priest
  6553 | Orc:1    | Noticed a two-headed ogre
  6586 | Orc:1    | Found Xionaball's Armour Boutique.
  6606 | Orc:1    | Killed a two-headed ogre
  6606 | Orc:1    | Reached XP level 13. HP: 76/88 MP: 1/19
  6867 | Orc:2    | Found a roughly hewn altar of Beogh.
  7092 | Orc:2    | Found Pafiappi's Food Shop.
  7109 | Orc:2    | Found Yzateo Caqu's Magic Scroll Boutique.
  7346 | Orc:2    | Found Ripsal's Antique Weapon Emporium.
  7346 | Orc:2    | Found Duel's Book Shoppe.
  7346 | Orc:2    | Found a one-way gate leading to the halls of Pandemonium.
  7433 | Orc:1    | Bought a potion of curing for 42 gold pieces
  7433 | Orc:1    | Bought a potion of heal wounds for 70 gold pieces
  7433 | Orc:1    | Bought a potion of mutation for 112 gold pieces
  7433 | Orc:1    | Bought a potion of resistance for 140 gold pieces
  7433 | Orc:1    | Gained mutation: You expend magic power (3 MP) to
                  | strengthen your wands. [potion of mutation]
  7433 | Orc:1    | Gained mutation: You are dopey. (Int -2) [potion of
                  | mutation]
  7433 | Orc:1    | Gained mutation: Your spells are a little harder to cast,
                  | but a little more powerful. [potion of mutation]
  7635 | Lair:1   | Entered Level 1 of the Lair of Beasts
  7794 | D:7      | Reached skill level 1 in Shields
  7795 | D:7      | Killed devtcp's ghost
  7795 | D:7      | Reached skill level 10 in Fighting
  7795 | D:7      | Reached skill level 2 in Shields
  7865 | Lair:1   | Noticed Erica
  7869 | Lair:1   | Killed Erica
  7869 | Lair:1   | Reached skill level 3 in Shields
  7912 | Lair:1   | Reached XP level 14. HP: 97/98 MP: 20/20
  7920 | Lair:1   | Noticed Fannar
  7932 | Lair:1   | Killed Fannar
  7932 | Lair:1   | Reached skill level 4 in Shields
  7977 | Lair:1   | Noticed Nergalle
  7987 | Lair:1   | Killed Nergalle
  8069 | Lair:1   | Learned a level 5 spell: Summon Mana Viper
  8072 | Lair:1   | Learned a level 2 spell: Ensorcelled Hibernation
  8104 | Lair:1   | Reached skill level 5 in Shields
  8173 | Lair:2   | Found a staircase to the Swamp.
  8355 | Lair:2   | Reached skill level 1 in Summonings
  8357 | Lair:2   | Reached skill level 6 in Shields
  8407 | Lair:2   | Noticed Sonja
  8412 | Lair:2   | Killed Sonja
  8575 | Lair:3   | Identified the Collected Works on Stolen Souls and the Oath
  8740 | Lair:3   | Reached skill level 7 in Shields
  8740 | Lair:3   | Reached skill level 5 in Summonings
  9029 | Lair:4   | Found a runed translucent gate.
  9029 | Lair:4   | Found a runed translucent gate.
  9029 | Lair:4   | Found a runed translucent gate.
  9030 | Lair:4   | Noticed StahL's ghost (journeyman GrFi)
  9126 | Lair:4   | Reached skill level 1 in Spellcasting
  9182 | Lair:4   | Found a hole to the Spider Nest.
  9638 | Lair:5   | Found a staircase to the Slime Pits.
  9639 | Lair:5   | Found a viscous altar of Jiyva.
  9678 | Lair:6   | Entered Level 6 of the Lair of Beasts
  9727 | Lair:6   | Reached skill level 8 in Shields
 10078 | Lair:6   | Reached XP level 15. HP: 93/102 MP: 21/21
 10250 | Lair:6   | Reached skill level 9 in Shields
 10326 | Lair:6   | Learned a level 4 spell: Summon Lightning Spire
 11064 | D:15     | Entered Level 15 of the Dungeon
 11165 | D:15     | Found a flickering gateway to a bazaar.
 11173 | Bazaar   | Entered a bazaar
 11173 | Bazaar   | Found Noyjil's Weapon Boutique.
 11173 | Bazaar   | Found Qisi's Armour Shop.
 11173 | Bazaar   | Found Fienlopp's Weapon Shop.
 11182 | Bazaar   | Bought the +8 morningstar of Qocwidik {vorpal, rF++ Str+3
                  | SInv} for 810 gold pieces
 11248 | D:15     | Noticed Nessos
 11254 | D:15     | Killed Nessos
 11254 | D:15     | Reached skill level 10 in Shields
 11344 | D:15     | Learned a level 5 spell: Fireball
 11393 | D:15     | Reached skill level 1 in Conjurations
 11393 | D:15     | Reached skill level 1 in Fire Magic
 11744 | D:15     | Reached skill level 5 in Spellcasting
 11994 | Elf:1    | Entered Level 1 of the Elven Halls
 12083 | Elf:1    | Reached XP level 16. HP: 36/109 MP: 6/24
 12150 | Elf:1    | Reached skill level 11 in Shields
 12222 | Elf:1    | Identified a scroll of acquirement
 12468 | Elf:2    | Reached skill level 5 in Conjurations
 12468 | Elf:2    | Reached skill level 5 in Fire Magic
 12493 | Elf:2    | Learned a level 5 spell: Lee's Rapid Deconstruction
 12553 | Elf:2    | Reached skill level 1 in Air Magic
 12554 | Elf:2    | Reached skill level 1 in Earth Magic
 12624 | Elf:2    | Noticed a Brimstone Fiend
 12706 | Elf:2    | Found a runed translucent gate.
 12707 | Elf:2    | Found a runed translucent gate.
 12708 | Elf:2    | Found a runed translucent gate.
 13000 | Elf:2    | Found a transporter.
 13005 | Elf:2    | Noticed a deep elf master archer
 13006 | Elf:2    | Found a bloodstained altar of Trog.
 13006 | Elf:2    | Identified the +6 rapier of Resourcefulness {protect,
                  | rElec}
 13006 | Elf:2    | Noticed a deep elf blademaster
 13006 | Elf:2    | Noticed a deep elf blademaster
 13009 | Elf:2    | Identified the cursed +0 longbow of Yeast {venom, Int+4}
 13009 | Elf:2    | Noticed a deep elf master archer
 13010 | Elf:2    | Noticed devtcp's ghost (journeyman MiBe)
 13013 | Elf:2    | Identified the cursed +1 quick blade of a Thousand Shrikes
                  | {vamp, rF+ Str-4 Dex+2}
 13013 | Elf:2    | Noticed a deep elf blademaster
 13085 | Elf:2    | Found a transporter.
 13104 | Elf:2    | Reached skill level 12 in Shields
 13128 | Elf:3    | Entered Level 3 of the Elven Halls
 13220 | Elf:3    | Found Tocym's Gadget Boutique.
 13228 | Elf:3    | Bought a wand of iceblast (10) for 252 gold pieces
 13271 | Elf:3    | Found a transporter.
 13271 | Elf:3    | Found a shimmering blue altar of Sif Muna.
 13278 | Elf:3    | Noticed a hellephant
 13284 | Elf:3    | Found a transporter.
 13284 | Elf:3    | Noticed a tentacled starspawn
 13308 | Elf:3    | Noticed a hellephant
 13317 | Elf:3    | Noticed Mirvandir's ghost (adept GrEE)
 13349 | Elf:3    | Identified the +7 scimitar of Dawn {distort, rN+ MR++
                  | Dex-4}
 13517 | Elf:3    | Noticed a deep elf blademaster
 13518 | Elf:3    | Noticed a deep elf master archer
 13524 | Elf:3    | Killed a deep elf blademaster
 13524 | Elf:3    | Reached XP level 17. HP: 10/115 MP: 13/26
 13526 | Elf:3    | Noticed a deep elf blademaster
 13528 | Elf:3    | Killed a deep elf master archer
 13532 | Elf:3    | Killed a ghostly deep elf master archer
 13861 | Swamp:1  | Entered Level 1 of the Swamp
 14597 | Swamp:2  | HP: 2/172 [hornet[a shambling mangrove] (8)]
 14977 | Swamp:3  | Noticed Louise
 14981 | Swamp:3  | Found a burning altar of Makhleb.
 14990 | Swamp:3  | Killed Louise
 15142 | Swamp:3  | Reached skill level 13 in Shields
 15378 | Swamp:4  | Entered Level 4 of the Swamp
 15631 | Swamp:4  | Reached skill level 5 in Air Magic
 15641 | Swamp:4  | Reached skill level 10 in Summonings
 15822 | Spider:1 | Entered Level 1 of the Spider Nest
 15855 | Spider:1 | Learned a level 5 spell: Summon Forest
 16012 | Spider:1 | Reached skill level 1 in Translocations
 16276 | Spider:1 | Reached XP level 18. HP: 97/120 MP: 21/29
 16997 | Spider:2 | Lost mutation: Your spells are a little harder to cast, but
                  | a little more powerful. [potion of mutation]
 16997 | Spider:2 | Lost mutation: You expend magic power (3 MP) to strengthen
                  | your wands. [potion of mutation]
 16997 | Spider:2 | Gained mutation: You are partially covered in large bone
                  | plates. (SH +4) [potion of mutation]
 16997 | Spider:2 | Gained mutation: You are weak. (Str -2) [potion of
                  | mutation]
 16997 | Spider:2 | Gained mutation: You evolve. [potion of mutation]
 17642 | Spider:3 | Reached skill level 14 in Shields
 17907 | Spider:4 | Entered Level 4 of the Spider Nest
 17910 | Spider:4 | Reached skill level 5 in Translocations
 18564 | Spider:4 | Gained mutation: Your spells are a little easier to cast,
                  | but a little less powerful. [evolution]
 19011 | Elf:1    | Identified the Volume of Calling
 19448 | Elf:3    | Killed a deep elf blademaster
 19448 | Elf:3    | Reached XP level 19. HP: 90/126 MP: 27/32
 19514 | Elf:3    | Identified the +7 demon trident of Skirmishing {freeze,
                  | Dex+4}
 19558 | Elf:3    | Identified the ring "Saggaoci" {rElec rCorr}
 19745 | Elf:3    | Identified the Handbook of Combat Magic
 19979 | Elf:3    | Learned a level 5 spell: Aura of Abjuration
 21013 | Spider:4 | Reached skill level 10 in Fire Magic
 21020 | Spider:4 | Reached skill level 10 in Conjurations
 21260 | Spider:4 | Got a gossamer rune of Zot
 22954 | D:11     | Noticed Urug
 22962 | D:11     | Killed Urug
 23791 | D:14     | Found a gate to the Vaults.
 24088 | D:15     | Reached skill level 10 in Spellcasting
 24106 | D:15     | Found a staircase to the Depths.
 24119 | D:15     | Paralysed by an ogre mage for 5 turns
 24121 | D:15     | HP: 3/126 [two-headed ogre/+0 giant club (22)]
 24121 | D:15     | Mangled by an ogre mage

Levels and vault maps discovered:
D:1:      lemuel_arrival_lava_pool, layout_basic
D:2:      layout_rooms, first_ration
D:3:      layout_basic, kennysheep_generic_room_15, uniq_robin
D:4:      layout_basic, kennysheep_little_box, lemuel_crystal_altar,
          nicolae_overflow_hidden_temple, gammafunk_ghost_abyssal_escape,
          patterned_corridor
D:5:      layout_loops_ring
D:6:      layout_loops_ring, temple_green, minmay_misc_feat_pillars
D:7:      layout_rooms, gammafunk_ghost_nasty_kobolds
D:8:      layout_basic, lemuel_zombie_altar_yredelemnul, lair_entry_dummy,
          basic_altar
D:9:      layout_loops_corners, makhleb_heckhound_becter, basic_altar,
          grunt_pizzeria
D:10:     hangedman_cross_cluster, layout_irregular_city,
          kennysheep_orc_monster_closet_entryway, lightli_orcish_oven
D:11:     layout_loops_cross, enter_trove_2, uniq_urug
D:12:     layout_long_grid
D:13:     layout_irregular_city, serial_column_ruins,
          column_ruins_columns_corner, column_ruins_grid_1,
          column_ruins_open_small, column_ruins_open_tiny,
          column_ruins_columns_plus, column_ruins_open_tiny,
          column_ruins_grid_1, uniq_kirke, uniq_maurice
D:14:     layout_roguey, david_vaults_4, basic_altar
D:15:     grunt_enter_depths_magical_seal, layout_basic, bh_walls_and_bars,
          serial_shops, bzr_entry_safe, minmay_quadrilaterals, uniq_nessos
Temple:   minmay_freezing_vapour_temple
Lair:1:   layout_roguey, uniq_nergalle, uniq_erica, uniq_fannar
Lair:2:   layout_regular_city, swamp_mist, uniq_sonja
Lair:3:   layout_gridlike, worms_lemuel
Lair:4:   layout_cave_pods, nicolae_spider_entry_orb_guardian,
          gammafunk_ghost_necromancy, hibernation_bobbens,
          minmay_lair_oklob_chamber, serial_bayou_shore_a, uniq_josephine
Lair:5:   layout_regular_city, slime_altar_1
Lair:6:   hangedman_lair_in_review, layout_small_grid, minmay_lair_drake_nest
Swamp:1:  layout_falls_marsh, hangedman_swamp_pad, swamp_pool4,
          infiniplex_staircase_pool_2
Swamp:2:  layout_basic_swamp, hangedman_swamp_ruin_wall, swamp_pool3
Swamp:3:  layout_basic_swamp, basic_altar, uniq_louise
Swamp:4:  swamp_old_school, layout_basic_swamp
Spider:1: layout_spider_delve
Spider:2: layout_spider_delve, nicolae_spider_cling_halls
Spider:3: layout_spider_delve
Spider:4: grunt_spider_rune_parallel
Orc:1:    layout_caves, serial_shops, shop, shop, trog_book
Orc:2:    pf_orc_diabolical, layout_diamond_mine, serial_shops, shop_statue,
          basic_altar
Elf:1:    layout_geoelf_octagon, minmay_elf_demonology
Elf:2:    layout_onion_city, gammafunk_ghost_wrathful_warriors,
          nicolae_elf_glass_and_crystal_pillar_1, minmay_misc_feat_five,
          st_stairs_14, minivault_15, guppyfry_library_mini
Elf:3:    grunt_elf_hall_branching, layout_geoelf_castle, serial_shops, shop,
          basic_altar, gammafunk_ghost_abyssal_escape

Skill      XL: |  1  2  3  4  5  6  7  8  9 10 11 12 13 14 15 16 17 18 19 |
---------------+----------------------------------------------------------+-----
Stealth        | 3 4 |  4.0
Unarmed Combat | 2 3 4 6 7 9 10 12 | 12.7
Hexes          | 2 5 6 |  6.0
Fighting       | 5 7 10 | 10.0
Dodging        | 5 7 10 13 | 13.0
Invocations    | 4 6 |  6.2
Evocations     | 5 8 |  8.0
Shields        | 3 8 10 12 13 14 | 14.0
Summonings     | 6 8 9 10 | 10.0
Spellcasting   | 3 5 6 7 9 10 | 10.0
Conjurations   | 4 6 7 9 10 | 10.3
Fire Magic     | 4 6 7 9 10 | 10.3
Air Magic      | 3 5 |  5.3
Earth Magic    | 2 |  2.7
Translocations | 1 7 8 |  8.5
Short Blades   | |  1.0

Action                   |  1- 3 |  4- 6 |  7- 9 | 10-12 | 13-15 | 16-18 | 19-21 || total
-------------------------+-------+-------+-------+-------+-------+-------+-------++-------
Melee: Short sword       |    18 |    15 |       |     1 |       |       |       ||    34
       Constrict         |     6 |    10 |    49 |    89 |   119 |   207 |    62 ||   542
       Tentacles         |     5 |     8 |    76 |   203 |   227 |   408 |    95 ||  1022
       Unarmed           |       |    11 |       |    32 |   519 |    60 |       ||   622
       Mace              |       |    26 |   211 |   380 |       |       |       ||   617
       Punch             |       |       |    22 |    68 |   101 |   182 |    51 ||   424
       Morningstar       |       |       |       |       |    29 |   277 |    84 ||   390
       Staff             |       |       |       |       |       |   506 |   128 ||   634
 Fire: Longbow           |       |       |       |    13 |   100 |    19 |       ||   132
Throw: Stone             |       |       |     1 |     6 |       |       |       ||     7
       Dart              |       |       |       |       |       |       |     1 ||     1
 Cast: Tukima's Dance    |       |       |     4 |    21 |    20 |       |       ||    45
       Ensorcelled Hiber |       |       |       |       |     2 |       |       ||     2
       Summon Lightning  |       |       |       |       |     4 |    31 |     3 ||    38
       Summon Mana Viper |       |       |       |       |     1 |     7 |     3 ||    11
       Fireball          |       |       |       |       |       |     3 |       ||     3
       Summon Forest     |       |       |       |       |       |     9 |     4 ||    13
Invok: Slouch            |       |       |       |     7 |    16 |    17 |     2 ||    42
       Temporal Distorti |       |       |       |     2 |       |     4 |       ||     6
       Step From Time    |       |       |       |     1 |       |     1 |       ||     2
Evoke: Wand              |     1 |    12 |    15 |    49 |    39 |    70 |       ||   186
       Lightning rod     |       |       |       |     3 |       |       |       ||     3
       Phial of floods   |       |       |       |       |       |     1 |       ||     1
  Use: Potion            |       |     1 |     2 |     3 |     4 |    13 |     1 ||    24
       Scroll            |       |       |    12 |     7 |    12 |    19 |     1 ||    51
 Stab: Sleeping          |     3 |     9 |    17 |    24 |    25 |    24 |     8 ||   110
       Distracted        |       |       |     1 |       |     1 |    18 |     6 ||    26
       Betrayed ally     |       |       |     1 |       |       |       |       ||     1
       Paralysed         |       |       |       |    21 |    12 |     3 |       ||    36
  Eat: Chunk             |       |       |     5 |    10 |    16 |    10 |     8 ||    49
       Ration            |       |       |       |     1 |     1 |     4 |     1 ||     7
Armor: Skin              |     2 |    10 |    69 |    93 |    22 |   105 |     8 ||   309
Dodge: Dodged            |    13 |    20 |   150 |   636 |   622 |   969 |   214 ||  2624
Block: Kite shield       |       |       |       |       |    25 |  1251 |   315 ||  1591
       Buckler           |       |       |       |       |     4 |       |       ||     4

Table legend:
 A = Non-vault XP
 B = Vault XP
 C = Vault XP percentage of total XP
 D = Non-vault monster count
 E = Vault monster count
 F = Vault count percentage of total count
                 A         B        C        D         E       F
            +---------+---------+-------+---------+---------+-------
      Total |  246065 |  120100 |  32.8 |     884 |     283 |  24.3
            +---------+---------+-------+---------+---------+-------
        D:1 |      37 |       0 |   0.0 |      11 |       0 |   0.0
        D:2 |     223 |       0 |   0.0 |      29 |       0 |   0.0
        D:3 |      54 |      38 |  41.3 |      11 |      13 |  54.2
        D:4 |     103 |       0 |   0.0 |       5 |       0 |   0.0
        D:5 |     599 |       0 |   0.0 |      22 |       0 |   0.0
        D:6 |     981 |       0 |   0.0 |      21 |       0 |   0.0
        D:7 |     583 |    2021 |  77.6 |      14 |      13 |  48.1
        D:8 |    2937 |       3 |   0.1 |      27 |       2 |   6.9
        D:9 |    1244 |     171 |  12.1 |      21 |       2 |   8.7
       D:10 |    3812 |    3568 |  48.3 |      30 |      44 |  59.5
       D:11 |    3497 |     839 |  19.3 |      25 |       1 |   3.8
       D:12 |     460 |       0 |   0.0 |       6 |       0 |   0.0
       D:13 |    1287 |    3909 |  75.2 |      20 |       9 |  31.0
       D:14 |   10240 |    2278 |  18.2 |      39 |       3 |   7.1
       D:15 |   11838 |    6908 |  36.9 |      36 |      10 |  21.7
     Lair:1 |    3226 |    2729 |  45.8 |      14 |       3 |  17.6
     Lair:2 |    7292 |     795 |   9.8 |      16 |       1 |   5.9
     Lair:3 |    5229 |     518 |   9.0 |      14 |       2 |  12.5
     Lair:4 |    4548 |     556 |  10.9 |      17 |       1 |   5.6
     Lair:5 |    1965 |       0 |   0.0 |       9 |       0 |   0.0
     Lair:6 |    6027 |    9278 |  60.6 |      21 |      22 |  51.2
    Swamp:1 |   12670 |       0 |   0.0 |      32 |       0 |   0.0
    Swamp:2 |    7931 |       0 |   0.0 |      32 |       0 |   0.0
    Swamp:3 |    7200 |    1534 |  17.6 |      23 |       1 |   4.2
    Swamp:4 |   14222 |    1260 |   8.1 |      34 |       3 |   8.1
   Spider:1 |   14224 |       0 |   0.0 |      44 |       0 |   0.0
   Spider:2 |    9588 |       0 |   0.0 |      18 |       0 |   0.0
   Spider:3 |   22081 |       0 |   0.0 |      70 |       0 |   0.0
   Spider:4 |   13347 |   19241 |  59.0 |      43 |      49 |  53.3
      Orc:1 |    5540 |       0 |   0.0 |      49 |       0 |   0.0
      Orc:2 |    1358 |   16754 |  92.5 |      11 |      60 |  84.5
      Elf:1 |   26444 |    4749 |  15.2 |      40 |       7 |  14.9
      Elf:2 |   28140 |   10402 |  27.0 |      46 |      16 |  25.8
      Elf:3 |   17138 |   32549 |  65.5 |      34 |      21 |  38.2
            +---------+---------+-------+---------+---------+-------
